Cogmind - Beta 15 @@@ ROGUE MODE // 2025.10.04 @ 01:12:52 Player: souux Result: Self-destructed Performance ------------- Evolutions (2) 1000 Regions Visited (7) 1400 Robots Destroyed (66) 330 Value Destroyed (1621) 1621 Prototype IDs (25) 500 Alien Tech Used (0) 0 Bonus (405) 405 TOTAL SCORE: 5256 Bonus ------- Follower Combat Kills 105 Aligned with FarCom 300 Cogmind --------- Core Integrity 346/550 Matter 120/300 Energy 100/100 System Corruption 0% Temperature Warning (363) Movement Treading (490) Ox4 Location -8/Materials Parts ------- > --- POWER (1) -------- (None) > --- PROPULSION (4) --- Armored Treads Compact Wheel Compact Wheel > --- UTILITY (4) ------ Huge Storage Unit Structural Scanner Improved Terrain Scan Processor Hardened Medium Armor Plating > --- WEAPON (2) ------- High-powered Shotgun > --- INVENTORY (25) --- Improved Deuterium Engine Improved Deuterium Engine Improved Deuterium Engine Compact Wheel Armored Wheel Advanced Heat Sink Medium Matter Pod (100) Advanced Weight Redist. System Improved Terrain Scanner Seismic Detector Advanced Targeting Computer Cloak of Protection Improved Utility Shielding Hardened Medium Armor Plating Hardened Medium Armor Plating Reflective Plating Tractor Beam Autogun Enhanced Autogun Missile Launcher Heavy Hammer Peak State ------------ > --- POWER ------------ Improved Deuterium Engine > --- PROPULSION ------- Armored Treads Compact Wheel Compact Wheel Compact Wheel > --- UTILITY ---------- Huge Storage Unit Improved Terrain Scan Processor Hardened Medium Armor Plating Reflective Plating > --- WEAPON ----------- Particle Gun Heavy Assault Rifle > --- INVENTORY -------- Improved Deuterium Engine Improved Deuterium Engine Improved Deuterium Engine Compact Wheel Compact Wheel Improved Heat Sink Medium Matter Pod Advanced Weight Redist. System Structural Scanner Improved Terrain Scanner Seismic Detector Advanced Targeting Computer Cloak of Protection Improved Utility Shielding Hardened Medium Armor Plating Hardened Medium Armor Plating Tractor Beam Heavy Assault Rifle Heavy Assault Rifle Autogun High-powered Shotgun Enhanced Autogun Missile Launcher Heavy Hammer [Rating: 30] Favorites ----------- Power Ion Engine Engine Ion Engine Propulsion Compact Wheel Treads Armored Treads Wheel Compact Wheel Utility Huge Storage Unit Device Improved Terrain Scanner Storage Huge Storage Unit Processor Improved Terrain Scan Processor Protection Medium Armor Plating Weapon Heavy Assault Rifle Energy Gun Particle Gun Ballistic Gun Heavy Assault Rifle Launcher Grenade Launcher Impact Weapon Heavy Hammer Build | -11 -10 -10 -9 -9 -9 -8 -8 ------- Run | Yrd Mat Min Mat Min Exi Min Mat Slots Evolved 4 | . . . 2 . . . 2 Power . | . . . . . . . . Propulsion 2 | . . . 1 . . . 1 Utility 2 | . . . 1 . . . 1 Weapon . | . . . . . . . . Parts Attached 51 | 7 9 . 13 . . 3 19 Power 7 | 1 2 . 3 . . . 1 Engine 7 | 1 2 . 3 . . . 1 Core . | . . . . . . . . Reactor . | . . . . . . . . Propulsion 16 | 2 4 . 5 . . . 5 Treads 2 | . 1 . . . . . 1 Leg . | . . . . . . . . Wheel 14 | 2 3 . 5 . . . 4 Hover . | . . . . . . . . Flight . | . . . . . . . . Utility 14 | 2 1 . 2 . . 2 7 Device 5 | 1 . . 1 . . . 3 Storage 3 | 1 1 . 1 . . . . Processor 1 | . . . . . . . 1 Hackware . | . . . . . . . . Protection 5 | . . . . . . 2 3 Artifact . | . . . . . . . . Weapon 14 | 2 2 . 3 . . 1 6 Energy Gun 2 | 1 . . . . . . 1 Energy Cannon . | . . . . . . . . Ballistic Gun 10 | 1 2 . 2 . . 1 4 Ballistic Cannon . | . . . . . . . . Launcher 1 | . . . 1 . . . . Special Weapon . | . . . . . . . . Impact Weapon 1 | . . . . . . . 1 Slashing Weapon . | . . . . . . . . Piercing Weapon . | . . . . . . . . Special Melee Weapon . | . . . . . . . . Unidentified Prototypes 2 | . . . 1 . . . 1 Parts Lost 16 | . 3 . 1 . . 2 10 Power 1 | . . . . . . . 1 Propulsion 7 | . 2 . 1 . . . 4 Utility 1 | . . . . . . 1 . Weapon 7 | . 1 . . . . 1 5 Highest Loss Streak 5 | . 1 . 1 . . 2 5 To Critical Strikes . | . . . . . . . . Average Backups 19 | 6 11 15 17 25 25 24 24 Power 2 | 1 1 1 2 4 4 4 3 Propulsion 2 | 3 3 4 3 3 3 2 2 Utility 9 | . 3 5 7 14 14 13 12 Weapon 4 | 1 2 5 4 4 4 3 5 Tool/Special . | . . . . . . . . Unused Backups 41 | . 7 1 7 . 1 . 25 Power 13 | . 3 . 2 . . . 8 Propulsion 6 | . 3 . . . . . 3 Utility 15 | . . 1 2 . 1 . 11 Weapon 7 | . 1 . 3 . . . 3 Tool/Special . | . . . . . . . . Average Slot Usage (%) 99 | . 99 100 99 100 100 100 99 Engine 10 | . 14 14 11 11 11 11 9 Wheel 32 | . 27 28 32 33 33 33 35 Device 16 | . 14 14 21 22 22 10 15 Storage 10 | . 14 14 11 11 11 11 9 Processor 3 | . . . . . . . 8 Protection 1 | . . . . . . 11 2 Energy Gun 2 | . 5 . . . . . 3 Ballistic Gun 18 | . 22 28 21 22 22 22 13 Peak Build Rating 30 | 8 9 9 20 20 21 22 30 Average Rating 18 | 4 8 9 16 20 20 19 26 On Entrance 13 | . 8 9 9 20 20 21 20 Naked Turns . | . . . . . . . . Heaviest Build 108 | 15 29 28 96 96 96 104 108 Greatest Support 64 | 32 32 32 48 48 48 48 64 Greatest Overweight (x) 2 | 1 . . 2 1 1 2 2 Average Overweight (x) . | . . . . 1 1 2 1 Largest Inventory Capacity 25 | 8 15 15 25 25 25 25 25 Average Capacity 20 | 7 13 15 19 25 25 25 25 Most Carried 25 | 8 15 15 25 25 25 25 25 Average Carried 19 | 6 11 15 17 25 25 24 24 Final Capacity 25 | 8 15 15 25 25 25 25 25 Final Carried 25 | 8 15 15 25 25 25 25 21 Class Distribution -------------------- 58% | Scavenger-Mutant 27% | Scavenger-Skirmisher 7% | Mutant 6% | Scavenger-Assassin Dominant Class ---------------- Scavenger-Mutant | -10/Materials Scavenger-Mutant | -10/Mines Scavenger-Mutant | -9/Materials Scavenger-Mutant | -9/Mines Scavenger-Mutant | -9/Exiles Scavenger-Mutant | -8/Mines Scavenger-Skirmisher | -8/Materials Resources | -11 -10 -10 -9 -9 -9 -8 -8 ----------- Run | Yrd Mat Min Mat Min Exi Min Mat Matter Collected 1631 | 294 269 22 276 . . 336 434 Remotely . | . . . . . . . . Salvage Created 2768 | 102 882 114 485 . . 234 951 Parts 155 | 10 41 5 42 . . 6 51 Haulers Intercepted . | . . . . . . . . Recyclers Shooed 9 | . 5 . 3 . . 1 . Parts Field Recycled . | . . . . . . . . Retrieved Matter . | . . . . . . . . Parts Self-Destructed . | . . . . . . . . Prevented . | . . . . . . . . Kills | -11 -10 -10 -9 -9 -9 -8 -8 ------- Run | Yrd Mat Min Mat Min Exi Min Mat Combat Hostiles Destroyed 42 | . 15 1 10 . . 1 15 Melee 1 | . . . . . . . 1 Guns 40 | . 15 1 9 . . 1 14 AOE 1 | . . . 1 . . . . Classes Destroyed 8 | 2 3 . 2 . . 1 . Worker 3 | . 2 . 1 . . . . Tunneler 4 | 3 . . 1 . . . . Recycler 14 | 1 5 1 1 . . 2 4 Watcher 3 | . . . 3 . . . . Swarmer 14 | . 6 . 5 . . . 3 Grunt 21 | . 9 1 3 . . . 8 Sentry 6 | . . . 2 . . . 4 Hunter 1 | . . . . . . 1 . Best Kill Streak 6 | 3 5 1 5 . . 1 6 Combat Bots Only 6 | . 5 1 5 . . 1 6 Max Kills in Single Turn 2 | 1 2 1 2 . . 1 1 Gunslinging 1 | . 1 . 1 . . . . Exploded 1 | . . . 1 . . . . Melee 1 | . . . . . . . 1 Uniques/NPCs Destroyed . | . . . . . . . . Combat | -11 -10 -10 -9 -9 -9 -8 -8 -------- Run | Yrd Mat Min Mat Min Exi Min Mat Hostile Shots Fired 258 | . 57 16 33 . . 29 123 Missed 56 | . 13 8 10 . . 6 19 Hits 202 | . 44 8 23 . . 23 104 Projectile 202 | . 44 8 23 . . 23 104 Critical Strikes 3 | . 1 . . . . . 2 Damage Taken 2854 | . 505 113 235 . . 310 1691 Core 429 | . 126 15 57 . . 27 204 Absorbed by Shields . | . . . . . . . . Ignored by Resistances 88 | . . . . . . . 88 Core Remaining (%) 74 | 100 . 43 . . . 79 . Volleys Fired 207 | 9 79 11 33 . . 19 56 Largest 2 | 2 2 2 2 . . 2 2 Hottest 90 | 70 70 40 46 . . 46 90 Shots Fired 406 | 18 157 22 65 . . 38 106 Gun 405 | 18 157 22 64 . . 38 106 Cannon . | . . . . . . . . Launcher 1 | . . . 1 . . . . Special . | . . . . . . . . Kinetic 313 | 9 100 22 64 . . 38 80 Thermal 92 | 9 57 . . . . . 26 Explosive 1 | . . . 1 . . . . Electromagnetic . | . . . . . . . . Robot Hit Streak 19 | 5 12 7 10 . . 6 19 Robot Miss Streak 5 | 1 4 1 3 . . 5 5 Penetration Max . | . . . . . . . . Secondary Targets 7 | . 2 . 2 . . . 3 Max Gunslinging Chain 1 | . 1 . 1 . . . 1 Shots Hit Robots 283 | 12 112 16 35 . . 21 87 Core Hits 123 | 5 47 8 22 . . 6 35 Critical Kills . | . . . . . . . . Critical Parts Destroyed 3 | . 1 . . . . . 2 Critical Strikes 7 | . 5 . . . . . 2 Burn 4 | . 4 . . . . . . Destroy 2 | . 1 . . . . . 1 Smash 1 | . . . . . . . 1 Melee Attacks 17 | . . . . . . . 17 Impact 17 | . . . . . . . 17 Slashing . | . . . . . . . . Piercing . | . . . . . . . . Sneak Attacks . | . . . . . . . . Combat Hostiles . | . . . . . . . . Follow-up Attacks . | . . . . . . . . Damage Inflicted 3756 | 140 1232 139 521 . . 273 1451 Guns 3659 | 140 1232 139 473 . . 273 1402 Cannons . | . . . . . . . . Explosions 48 | . . . 48 . . . . Melee 49 | . . . . . . . 49 Ramming . | . . . . . . . . Kinetic 2664 | 50 695 139 473 . . 273 1034 Thermal 995 | 90 537 . . . . . 368 Explosive 48 | . . . 48 . . . . Electromagnetic . | . . . . . . . . Impact 49 | . . . . . . . 49 Slashing . | . . . . . . . . Piercing . | . . . . . . . . Highest Corruption . | . . . . . . . . Average Corruption . | . . . . . . . . Corruption Purged . | . . . . . . . . Corruption Blocked . | . . . . . . . . Overload Shots . | . . . . . . . . Overflow Damage 49 | . . . . . . . 49 Projectiles . | . . . . . . . . Explosions . | . . . . . . . . Melee 49 | . . . . . . . 49 Knockbacks . | . . . . . . . . Impact . | . . . . . . . . Kinetic . | . . . . . . . . Secondary . | . . . . . . . . Self-Inflicted Damage . | . . . . . . . . Shots . | . . . . . . . . Rammed . | . . . . . . . . Targets Rammed . | . . . . . . . . Kicked . | . . . . . . . . Crushed . | . . . . . . . . Highest Temperature 393 | 18 226 18 10 . . 14 393 Average Temperature 72 | 8 65 9 3 . . 7 130 Received Heat Transfer 1206 | . 258 69 60 . . . 819 Effects 4 | . 2 . . . . . 2 Shutdowns 1 | . . . . . . . 1 Energy Bleed 3 | . 2 . . . . . 1 Siege Activations . | . . . . . . . . Martial Activations . | . . . . . . . . Shielding Activations . | . . . . . . . . Robots Disrupted . | . . . . . . . . Combat Hostiles . | . . . . . . . . Robots Corrupted . | . . . . . . . . Combat Hostiles . | . . . . . . . . Parts Fried 1 | . . . . . . . 1 Impact Corruptions 2 | . . . . . . . 2 Robots Melted . | . . . . . . . . Combat Hostiles . | . . . . . . . . Parts Melted 5 | . 3 . . . . . 2 Heat Transferred 2990 | 259 1887 . . . . . 844 Parts Sabotaged . | . . . . . . . . Parts Stolen . | . . . . . . . . Parts Stripped . | . . . . . . . . Power Chain Reactions . | . . . . . . . . Alert | -11 -10 -10 -9 -9 -9 -8 -8 ------- Run | Yrd Mat Min Mat Min Exi Min Mat Maximum Alert Level 1 | . . . 1 . . . 1 Low Security (%) 96 | 100 100 100 87 100 . 100 96 Level 1 3 | . . . 12 . . . 3 Level 2 . | . . . . . . . . Level 3 . | . . . . . . . . Level 4 . | . . . . . . . . Level 5 . | . . . . . . . . High Security . | . . . . . . . . Max Security . | . . . . . . . . Peak Influence 298 | 5 105 35 239 27 . 74 298 Initial 27 | . . . 9 27 . . . Average 38 | 1 22 3 120 18 . 22 22 Influence Increases 1676 | 20 391 40 484 . . 144 597 Destroy 0b10 Robot/C 980 | . 300 20 280 . . 80 300 Destroy 0b10 Robot/NC 130 | 20 35 5 40 . . 10 20 Destroy Leader 216 | . 50 10 56 . . 20 80 Allied During Kill 57 | . . 5 48 . . 4 . Successful Hack 17 | . 6 . 5 . . . 6 Disable Machine 45 | . . . 15 . . 30 . Anti-Garrison Action 150 | . . . . . . . 150 Destroy Structure 21 | . . . 10 . . . 11 Lose Combat Pursuer 60 | . . . 30 . . . 30 Influence Decreases 1410 | 20 390 16 438 64 7 144 331 Entered New Map 68 | . . 1 16 44 7 . . Time Decay 1059 | 20 295 15 392 20 . 104 213 Lost Part 125 | . 25 . 10 . . 20 70 Lost Ally 40 | . . . 20 . . 20 . Purge Threat 118 | . 70 . . . . . 48 Squads Dispatched 6 | . 2 . . . . . 4 Investigation 4 | . 2 . . . . . 2 Extermination . | . . . . . . . . Reinforcement . | . . . . . . . . Assault 2 | . . . . . . . 2 Garrison . | . . . . . . . . Intercept . | . . . . . . . . Searches Triggered . | . . . . . . . . Construction Impeded . | . . . . . . . . Haulers Reinforced . | . . . . . . . . Active Scanning Responses . | . . . . . . . . Cargo Convoy Interrupts . | . . . . . . . . Stealth | -11 -10 -10 -9 -9 -9 -8 -8 --------- Run | Yrd Mat Min Mat Min Exi Min Mat Distress Signals 7 | . 1 . 1 . . . 5 Communications Jammed . | . . . . . . . . Distress Signals . | . . . . . . . . Times Spotted 92 | . 31 2 20 . . 5 34 Peak Tracking Total 13 | . 4 2 4 . . 4 13 Tactical Retreats 4 | . . . 2 . . . 2 Traps | -11 -10 -10 -9 -9 -9 -8 -8 ------- Run | Yrd Mat Min Mat Min Exi Min Mat Traps Triggered 1 | . . . . . . . 1 Indirectly . | . . . . . . . . Trap Hack Attempts . | . . . . . . . . Triggered . | . . . . . . . . Disarmed . | . . . . . . . . Reprogrammed . | . . . . . . . . Reused . | . . . . . . . . Traps Extracted . | . . . . . . . . Installed . | . . . . . . . . Triggered . | . . . . . . . . Machines | -11 -10 -10 -9 -9 -9 -8 -8 ---------- Run | Yrd Mat Min Mat Min Exi Min Mat Machines Disabled 4 | . . . 1 . . 2 1 Max in Single Turn 1 | . . . . . . 1 1 Garrison Access 1 | . . . . . . . 1 Machines Repaired . | . . . . . . . . Machines Dismantled . | . . . . . . . . Machines Sabotaged . | . . . . . . . . Overloaded Fab Kills . | . . . . . . . . Hacking | -11 -10 -10 -9 -9 -9 -8 -8 --------- Run | Yrd Mat Min Mat Min Exi Min Mat Machines Accessed 15 | . 5 . 1 . 3 . 6 Terminals 11 | . 5 . 1 . . . 5 Fabricators . | . . . . . . . . Repair Stations . | . . . . . . . . Recycling Units . | . . . . . . . . Scanalyzers . | . . . . . . . . Garrison Access 1 | . . . . . . . 1 Total Hacks 48 | . 15 . 1 . 18 . 14 Successful 34 | . 8 . 1 . 18 . 7 Failed 14 | . 7 . . . . . 7 Catastrophic 3 | . 2 . . . . . 1 Database Lockouts . | . . . . . . . . Manual 19 | . 7 . 1 . 1 . 10 Terminals 27 | . 15 . 1 . . . 11 Fabricators . | . . . . . . . . Repair Stations . | . . . . . . . . Recycling Units . | . . . . . . . . Scanalyzers . | . . . . . . . . Garrison Access 3 | . . . . . . . 3 Terminal Hacks 25 | . 4 . . . 18 . 3 Record 17 | . . . . . 17 . . Branch Access Points 1 | . . . . . . . 1 Alert Level 2 | . 1 . . . . . 1 Unreport Threat 2 | . 1 . . . . . 1 Locate Traps 1 | . 1 . . . . . . Recall Investigation 1 | . 1 . . . . . . Proto ID Catalog 1 | . . . . . 1 . . Fabricator Hacks . | . . . . . . . . Repair Station Hacks . | . . . . . . . . Recycling Unit Hacks . | . . . . . . . . Scanalyzer . | . . . . . . . . Garrison Access Hacks . | . . . . . . . . Unauthorized Hacks 9 | . 4 . 1 . . . 4 Terminals 9 | . 4 . 1 . . . 4 Botnet 9 | . 4 . 1 . . . 4 Fabricators . | . . . . . . . . Repair Stations . | . . . . . . . . Recycling Units . | . . . . . . . . Scanalyzers . | . . . . . . . . Garrison Access . | . . . . . . . . Data Cores Recovered . | . . . . . . . . Used . | . . . . . . . . Hacking Detections 9 | . 4 . . . . . 5 Full Trace Events 3 | . 2 . . . . . 1 Feedback Events . | . . . . . . . . Feedback Blocked . | . . . . . . . . Robot Schematics Acquired . | . . . . . . . . Robots Built . | . . . . . . . . Authchips . | . . . . . . . . Time . | . . . . . . . . Total Robot Build Rating . | . . . . . . . . Part Schematics Acquired . | . . . . . . . . Parts Built . | . . . . . . . . Authchips . | . . . . . . . . Time . | . . . . . . . . Total Part Build Rating . | . . . . . . . . Parts Repaired . | . . . . . . . . Time . | . . . . . . . . Parts Recycled . | . . . . . . . . Recycled Matter . | . . . . . . . . Retrieved Matter . | . . . . . . . . Retrieved Components . | . . . . . . . . Parts Scanalyzed . | . . . . . . . . Part Schematics Acquired . | . . . . . . . . Parts Damaged . | . . . . . . . . Bothacking | -11 -10 -10 -9 -9 -9 -8 -8 ------------ Run | Yrd Mat Min Mat Min Exi Min Mat Used RIF Installer . | . . . . . . . . Robots Hacked . | . . . . . . . . Non-combat . | . . . . . . . . Combat . | . . . . . . . . Robot Hacks Applied . | . . . . . . . . Relay Couplers Released 1 | . . . . . . . 1 Machine Destruction 1 | . . . . . . . 1 Fabnet Peak Effective % . | . . . . . . . . Robots Rewired . | . . . . . . . . Allies Hacked . | . . . . . . . . Hacks Repelled . | . . . . . . . . Allies | -11 -10 -10 -9 -9 -9 -8 -8 -------- Run | Yrd Mat Min Mat Min Exi Min Mat Total Allies 3 | . . 3 . . . . . Largest Group 3 | . . 3 3 1 1 1 . Highest-Rated Group 40 | . . 40 40 16 16 16 . Highest-Rated Ally 16 | . . 16 16 16 16 16 . Total Orders . | . . . . . . . . Ally Attacks 29 | . . . 19 . . 10 . Total Damage 254 | . . . 178 . . 76 . Kills 8 | . . . 5 . . 3 . Allies Corrupted . | . . . . . . . . Allies Melted . | . . . . . . . . Intel | -11 -10 -10 -9 -9 -9 -8 -8 ------- Run | Yrd Mat Min Mat Min Exi Min Mat Active Infowar (turns) 5616 | 14 1418 125 940 50 683 298 2088 Terrain 3695 | . . . 937 50 683 2 2023 Structural 1930 | . . . . . . . 1930 Seismic 3680 | 14 1418 125 940 50 683 296 154 Robot Analysis Total . | . . . . . . . . Derelict Logs Recovered . | . . . . . . . . Drone Launches . | . . . . . . . . Drone Recoveries . | . . . . . . . . Exploration | -11 -10 -10 -9 -9 -9 -8 -8 ------------- Run | Yrd Mat Min Mat Min Exi Min Mat Turns Passed 6142 | 141 1418 125 940 50 683 334 2451 Spaces Moved 2818 | 96 728 96 552 44 503 98 701 Core 15 | 15 . . . . . . . Treads 8 | . 8 . . . . . . Legs . | . . . . . . . . Wheels 2795 | 81 720 96 552 44 503 98 701 Hover . | . . . . . . . . Flight . | . . . . . . . . Fastest Speed 50 | 50 100 100 100 115 115 130 115 Average Speed 108 | 95 100 100 106 115 115 130 115 Slowest Speed 160 | 100 160 100 130 115 115 130 130 Overloaded Moves . | . . . . . . . . Propulsion Burnouts . | . . . . . . . . Robots Hopped . | . . . . . . . . Potential Cave-ins . | . . . . . . . . Cave-ins Triggered . | . . . . . . . . Exploration Rate (%) 42 | 5 83 31 44 11 92 24 49 Regions Visited 7 Branch Regions 4 Pre-discovered Areas . | . . . . . . . . Known Exits Taken . | . . . . . . . . Unknown Exits Taken 7 | 1 1 1 1 1 1 1 . Scrap Searched 1 | . . . . . . 1 . Spaces Dug 19 | . . . 8 . . . 11 Terrain Destroyed 19 | . . . 8 . . . 11 Melee 11 | . . . . . . . 11 Projectile . | . . . . . . . . AOE 8 | . . . 8 . . . . Terrain Rammed . | . . . . . . . . Walls Destroyed . | . . . . . . . . Machines Disabled . | . . . . . . . . Actions | -11 -10 -10 -9 -9 -9 -8 -8 --------- Run | Yrd Mat Min Mat Min Exi Min Mat Total 5486 | 126 1272 108 855 43 608 270 2204 Wait 2230 | 1 426 . 210 . 101 141 1351 Move 2811 | 95 727 95 551 43 502 97 701 Hop . | . . . . . . . . Pick Up 85 | 14 18 1 26 . 1 5 20 Fast Attach 1 | 1 . . . . . . . Attach 24 | 6 3 . 4 . . 2 9 Detach 1 | . . . 1 . . . . Swap 54 | . 7 . 12 . . 3 32 Drop 52 | . 12 1 17 . 1 3 18 Fire 207 | 9 79 11 33 . . 19 56 Melee 17 | . . . . . . . 17 Ram . | . . . . . . . . Kick . | . . . . . . . . Crush . | . . . . . . . . Escape Stasis . | . . . . . . . . Rewire 4 | . . . 1 . 3 . . Trap . | . . . . . . . . Miscellaneous . | . . . . . . . . Route ------- -11/Scrapyard -10/Materials (discovered 4 exits: *Mat x2 / [*Min x2]) -10/Mines -9/Materials -9/Mines -9/Exiles (discovered 2 exits: [*Min x2]) -8/Mines -8/Materials (discovered 2 exits: [*Fac] / *Sto) History --------- Turn | Location | Event 39 | -11/Scrapyard | Discovered new exit (range 14) 142 | -11/Scrapyard | Entered Materials 311 | -10/Materials | Build established: Mutant 539 | -10/Materials | Discovered new exit (range 15) 641 | -10/Materials | Discovered new exit (range 16) 643 | -10/Materials | Discovered new exit (range 11) 660 | -10/Materials | Core integrity fell below 50% 745 | -10/Materials | Build established: Scavenger-Mutant 889 | -10/Materials | Discovered new exit (range 15) 1560 | -10/Materials | Entered Mines 1624 | -10/Mines | Assisted by bots powering up and referring to "LRC-V3" 1674 | -10/Mines | Discovered new exit (range 3) 1685 | -10/Mines | Entered Materials 1685 | -9/Materials | Accompanied by 3 allies 1685 | -9/Materials | Evolved 2 slots: Propulsion x1, Utility x1 2449 | -9/Materials | Discovered new exit (range 10) 2625 | -9/Materials | Entered Mines 2625 | -9/Mines | Accompanied by 1 ally 2668 | -9/Mines | Deemed a non-threat by the Exiles lab entrance 2669 | -9/Mines | Discovered new exit (range 5) 2675 | -9/Mines | Entered Exiles 2675 | -9/Exiles | Accompanied by 1 ally 2697 | -9/Exiles | Discovered new exit (range 15) 2720 | -9/Exiles | Met 8R-AWN 2746 | -9/Exiles | Met EX-HEX 2861 | -9/Exiles | Met EX-DEC 2908 | -9/Exiles | Visited The Gauntlet 3151 | -9/Exiles | Met EX-BIN 3168 | -9/Exiles | Aligned with FarCom system 3169 | -9/Exiles | Given EX-Vault access code 3196 | -9/Exiles | Opened EX-Vault 3204 | -9/Exiles | Found Cloak of Protection 3244 | -9/Exiles | Exiles lab attacked by MAIN.C 3329 | -9/Exiles | Discovered new exit (range 12) 3358 | -9/Exiles | Left Exiles lab with Cloak of Protection 3358 | -9/Exiles | Entered Mines 3358 | -8/Mines | Accompanied by 1 ally 3487 | -8/Mines | Discovered new exit (range 10) 3692 | -8/Mines | Entered Materials 3692 | -8/Materials | Evolved 2 slots: Propulsion x1, Utility x1 3992 | -8/Materials | Build established: Scavenger-Skirmisher 4128 | -8/Materials | Discovered new exit (range 16) 4882 | -8/Materials | Identified exit to Storage 5419 | -8/Materials | Build established: Scavenger-Assassin 5935 | -8/Materials | Build established: Scavenger-Skirmisher 6143 | -8/Materials | Self-destructed Last Messages --------------- 06107_ K-01 Serf collects debris. 06107_ Critical hit (Burn: +37). 06113_ Hvy. Assault Rifle destroyed. 06120_ C-30 ARC bursts open, deploying its payload. 06120_ B-36 Bruiser unfolds itself. 06120_ L-31 Rogue unfolds itself. 06120_ I-25 Savior unfolds itself. 06128_ W-25 Informer sends out distress signal. 06130_ Adv. Heat Sink melted. 06130_ G-50 Soldier destroyed. 06130_ Switching to secondary target: G-47 Trooper. 06130_ Hvy. Assault Rifle destroyed. 06133_ C-30 ARC bursts open, deploying its payload. 06133_ B-36 Bruiser unfolds itself. 06133_ G-47 Trooper unfolds itself. 06133_ I-25 Savior unfolds itself. 06137_ Particle Gun destroyed. 06139_ Critical hit (Burn: +37). 06141_ Imp. Deuterium Engine destroyed. 06142_ Com. Wheel destroyed. Map ----- +----------------------------------------------------+ | ????????????????# """"""""" # ]= ## ##### | | ????????????????? """"" " ########### ###?# | | ????????????????? ########### ####? | | ????????????????? ########### ##### | | ????????????????? ? ########### ##### | | ????????????????? ########### ##### | | ?????????????????? ? !!! ##### | | ?????????????????? !! ##### | | ???????????????????? !! ### | | ???????????????????######?########/############# | | ??????????????????#?############ ] ####### | | ??????????????????############## ####### | | ???????????????##?#?##?##?###### g ##??### | | ??????????????#####?############ """ ####### | | ????????????????? ???#?####### """"" ####### | | ?????????????##?? ? ?##???##### """"" ###?### | | ?????????????##?"?? ??#??#?##### """"" ####### | | ???????????? #? ?"" ?##???###### """ ##?#?## | | ??????????? #? """ #?####################?#### | | ??????????????????? ?#?######################### | | ??????????? ????##+#?#?## ###?############### | | ?????????? ? ?? ? ??? # #######?#?### ^ | | ????????????? ? ? ? # b" " ###?##?###?## | | ??????????#?####???? ? # i" " ############# ^ | | ???????????#??#? ??? #!g!" ############# ### | | ????????? ? ?# ???? #@gw= #### ## ### | | ???????????? ?#?? ##g######## """ ## ### | | ?????????? ?? ??? ? ?? blg / """ ## ### | | ??????????? ????? ?"" ? gb%##?### """ # % ## | | ???????????? ?#?? """ ###/####?##! """ # | | ???????????#?+? "?" ? # # + T | | ???????????#??w? ?? ? ? ? # """ # | | ????????????#??? ? ?#??? # """ # ## | | ???????????? ??? ??? # ? ? # """ ## ### | | ???????????? ???? ?? ?i? ?? # """ ## ### | | ?????????????? ? ?? #????? # ## ### | | ??????????????? ??? ?????? ? #######?## ### | | ??????????????? ? ? ???#? ? #######?## ### | | ???????????????????? ??####??###??#??#??## ### | | ???????????????????#? ?#?#??#####????????## ##? | | ?????????????????????? ?????????????????#?? ##? | | ?????????????????????????#????????#?????##?? ##? | | ???????????????????????????????????????????? ##? | | ????????????????????????????????? ?????????? ##? | | ???????????????????????????????????????????? ##? | | ?????????????????????????????????????????????? ##? | | ?????????????????????????????????????????????????? | | ?????????????????????????????????????????????????? | | ?????????????????????????????????????????????????? | | ?????????????????????????????????????????????????? | +----------------------------------------------------+ Best States ------------- Heat Dissipation 50 Energy Generation 16 Energy Capacity 290 Matter Stores 300 Matter Capacity 300 Sight Range 16 Terrain Scan Range 16 Terrain Scan Density 110 Armor Coverage 375 Resistance: TH 10 Evasion (%) 50 Recoil Reduction 1 Item Schematics ----------------- None Robot Schematics ------------------ None Fabricated ------------ Nothing Repaired ---------- Nothing Alien Tech Used ----------------- None Achievements -------------- Omniscient Cartographer Challenges ------------ None Game ------ Seed ServoExpertAutohacker Manual? 0 Play Time 01:01:38 Cumulative 49.4 hours Start 2025.10.04 @ 00:02:41 End 2025.10.04 @ 01:12:52 Sessions 1 Manual Loads 0 Difficulty Rogue Special Mode None Game No. 45 Rogue 45 Adventurer 0 Explorer 0 Win Type - Total 0 Types 0/0/0/0/0/0/0/0/0/0 Lore% 14 Gallery% 31 Achievement% 28 Wizard Run 0 Options --------- Layout 0 ASCII 0 Keyboard 0 Movement Mouse Keybinds 0 Fullscreen 2 Font 18/X11 Map View 76x50 Zoom Use 16% Tactical HUD 1 Map Filters NONE Filters NONE Steam 1 RUN: 04cf7df0-7729-49b7-acf7-8434b19d7d05